 Dungeon Crawl Stone Soup version 0.31.0-11-ge490571c62 (webtiles) character file.

Game seed: 12600928291838113404

43 Rassilon the Insei (level 3, -2/29 HPs)
             Began as a Demonspawn Monk on Jan 30, 2024.
             Slain by a gnoll
             ... wielding a +0 whip
              (6 damage)
             ... on level 2 of the Dungeon.
             The game lasted 00:04:07 (1156 turns).

Rassilon the Insei (Demonspawn Monk)                Turns: 1156, Time: 00:04:08

Health: -2/29      AC:  3    Str: 11    XL:     3   Next: 37%
Magic:  3/3        EV: 12    Int: 10    God:
Gold:   52         SH:  0    Dex: 17    Spells: 2/2 levels left

rFire   + .          .
                       - Unarmed
rCold   + . .        c - orb {light}
rNeg    . . .        d - +0 leather armour {Will+}
rPois   +            (no helmet)
rElec   +            (no cloak)
rCorr   +            (no gloves)
SInv    .            (no boots)
Will    +....        (no amulet)
Stlth   +            n - ring of flight
HPRegen 0.24/turn    (no ring)
MPRegen 0.08/turn

%: no passive effects
@: resistant, flying, glowing
A: demonic magic 2
a: no special abilities


You were on level 2 of the Dungeon.
You visited 1 branch of the dungeon, and saw 2 of its levels.

You collected 52 gold pieces.

Inventory:

Armour
 c - an orb of light (worn)
 d - a +0 leather armour of willpower (worn)
Jewellery
 k - a ring of protection from fire
 n - a ring of flight (left hand)
Talismans
 o - a beast talisman
Scrolls
 b - a scroll of immolation {unknown}
 e - a scroll of revelation {unknown}
 i - a scroll of vulnerability {unknown}
 l - 3 scrolls of brand weapon {unknown}
 m - a scroll of noise {unknown}
Potions
 f - a potion of lignification {unknown}
 g - a potion of invisibility {unknown}
 h - a potion of heal wounds {unknown}
 j - a potion of mutation {unknown}


   Skills:
 + Level 3.4 Fighting
 + Level 3.0 Dodging
 * Level 3.4 Unarmed Combat
 + Level 0.1 Shapeshifting


You had 2 spell levels left.
You didn't know any spells.
Your spell library was empty.

Dungeon Overview and Level Annotations

Branches:
Dungeon (2/15)

Altars:


Innate Abilities, Weirdness & Mutations

Spells you cast may paralyse nearby enemies.


Message History

The gnoll is lightly wounded.
The gnoll hits you with a +0 whip.
You barely miss the gnoll.
The gnoll is lightly wounded.
The gnoll hits you with a +0 whip.
You hit the gnoll.
The gnoll is moderately wounded.
The gnoll hits you with a +0 whip.
You hit the gnoll.
The gnoll is moderately wounded.
The gnoll barely misses you.
You hit the gnoll but do no damage.
The gnoll is moderately wounded.
The gnoll barely misses you.
You barely miss the gnoll.
The gnoll is moderately wounded.
The gnoll hits you with a +0 whip.
You barely miss the gnoll.
The gnoll is moderately wounded.
You barely miss the gnoll.
The gnoll is moderately wounded.
The gnoll barely misses you.
You hit the gnoll but do no damage.
The gnoll is moderately wounded.
The gnoll hits you with a +0 whip!
You hit the gnoll.
The gnoll is almost dead.
The gnoll hits you with a +0 whip!
* * * LOW HITPOINT WARNING * * *
You completely miss the gnoll.
The gnoll is almost dead.
The gnoll misses you.
It was a potion of resistance.
You feel protected. The gnoll barely misses you.
You hit the gnoll but do no damage.
The gnoll is almost dead.
A gnoll comes into view. It is wielding a +0 spear.
The gnoll hits you with a +0 whip.
You die...

...........#...........
...........###.........
.....................##
....................##
#.............###....
#....†........# #....
........#.............# #....
........####.....##†..###....
..g.....# #@..###.....###...
........####g###....⌠....###.
........#....#.............#.
.......>#....#.>...###...<.#.
g.......#....#...###.###...#.
..g.....#....#####...<.#####.
##...........................
#...>...g..............#.....
.......................#.....


You could see 2 gnolls.

Vanquished Creatures
  An adder (D:2)
  A dart slug (D:1)
  2 ball pythons (D:1)
  2 bats
  2 endoplasms
  A giant cockroach (D:2)
  6 goblins
  3 hobgoblins
  A quokka (D:1)
  A frilled lizard (D:1)
  6 kobolds
  2 rats (D:1)
28 creatures vanquished.

Notes
Turn   | Place    | Note
-------+----------+-------------------------------------------
     0 | D:1      | Rassilon the Demonspawn Monk began the quest for the Orb.
     0 | D:1      | Reached XP level 1. HP: 18/18 MP: 1/1
   233 | D:1      | Gained mutation: Spells you cast may paralyse adjacent
                  | enemies. [demonic ancestry]
   233 | D:1      | Reached XP level 2. HP: 17/24 MP: 2/2
   866 | D:2      | Gained mutation: Spells you cast may paralyse nearby
                  | enemies. [demonic ancestry]
   866 | D:2      | Reached XP level 3. HP: 3/29 MP: 3/3
  1156 | D:2      | Slain by a gnoll

Illustrated notes

Levels and vault maps discovered:
D:1:      dreamdust_arrival_beginning_and_end, layout_basic
D:2:      layout_basic, ebering_dispersal_statue_hall, minivault_19,
          minivault_23, grunt_ministairs_12

Skill      XL: |  1  2 |
---------------+-------+-----
Unarmed Combat | 3 |  3.4
Dodging        | 3 |  3.0
Fighting       | |  3.4
Shapeshifting  | |  0.1

Action                     || total
---------------------------++-------
  Melee: Unarmed           ||   104
    Use: Potion            ||     2
 Armour: Leather armour    ||    66
  Dodge: Dodged            ||    63
